AoeStats
← carreychang1205

Arabia

510353568Analyzed
1v1 RM · 1d ago on Sep 30, 2026· 43m 25s· 2 players
Game mode
Random Map
Map size
Tiny (2 player)
Population
200
Speed
Normal
Resources
Standard
Victory
Conquest
Starting age
Dark Age
Ending age
Imperial Age
RankedLock teamsTeams togetherTeam positionsShared explorationLock speedFull tech treeHidden civsTurbo modeCheats
Victory
Defeat
🇹🇼 Slavs · Taiwan
1038
+16
🇺🇦 Britons · Ukraine
1035
-16
dark_berserk
11:07 Feudal Age
12:59 Double-Bit Axe
13:22 Loom
13:46 Fletching
14:49 Wheelbarrow
16:42 Padded Archer Armor
22:51 Castle Age
22:24 Forging
22:19 Scale Barding Armor
24:44 Hand Cart
25:38 Iron Casting
30:17 Horse Collar
31:00 Chain Barding Armor
33:04 Stone Mining
33:08 Gold Mining
33:20 Heavy Plow
38:39 Imperial Age
36:56 Bodkin Arrow
37:37 Leather Archer Armor
37:14 Pikeman
37:54 Squires
38:33 Bow Saw
41:23 Elite Skirmisher
41:59 Halberdier
43:11 Bracer
carreychang1205
6:59 Loom
10:03 Feudal Age
10:07 Man-at-Arms
14:36 Double-Bit Axe
15:31 Horse Collar
17:36 Fletching
17:59 Forging
19:46 Wheelbarrow
22:34 Castle Age
22:02 Scale Barding Armor
25:27 Chain Barding Armor
26:09 Iron Casting
26:53 Bloodlines
26:44 Husbandry
27:10 Bow Saw
27:05 Heavy Plow
32:17 Fletching
36:10 Imperial Age
34:52 Hand Cart
34:31 Pikeman
35:39 Squires
35:00 Long Swordsman
35:48 Detinets
36:45 Town Watch
36:38 Halberdier
37:18 Gold Mining
37:55 Conscription
39:26 Two-Man Saw
39:00 Capped Ram
40:00 Siege Ram
42:09 Two-Handed Swordsman
Connection lost

Rejoining the realm…

Still unreachable

The connection could not be restored.

Session expired

The server has moved on; the page needs a fresh start.